 Dungeon Crawl Stone Soup version 0.29.1-15-g9cfb28693d (webtiles) character file.

Game seed: 17247504422695713923

1637 bnorton916 the Geomancer (level 8, -5/41 HPs)
             Began as a Gargoyle Earth Elementalist on Apr 30, 2023.
             Was an Initiate of Gozag.
             Slain by an orc knight
             ... wielding a +0 war axe
              (11 damage)
             ... in a bailey.
             The game lasted 00:16:38 (11886 turns).

bnorton916 the Geomancer (GrEE)                    Turns: 11886, Time: 00:16:39

Health: -5/41      AC: 11    Str: 16    XL:     8   Next: 98%
Magic:  11/13      EV: 11    Int: 17    God:    Gozag
Gold:   482        SH:  0    Dex: 10    Spells: 8/14 levels left

rFire   . . .      SeeInvis +   a - +2 trident (vorpal)
rCold   . . .      Faith    .   (no shield)
rNeg    + . .      Spirit   .   w - +0 robe of Bowim {rElec SInv}
rPois   ∞          Reflect  .   (no helmet)
rElec   +          Harm     .   (no cloak)
rCorr   .          Rampage  .   D - +2 pair of gloves {Str+3}
Will    .....                   (no boots)
Stlth   +++.......              (no amulet)
HPRegen 0.13/turn               (no ring)
MPRegen 0.13/turn               (no ring)

@: studying Stealth
A: sickness immunity, AC +5, negative energy resistance 1, electricity
resistance, torment resistance 1, petrification resistance
a: Renounce Religion, Potion Petition, Call Merchant, Bribe Branch


You were in a bailey.
You worshipped Gozag.
Gozag was aware of your devotion.
You visited 2 branches of the dungeon, and saw 8 of its levels.
You also visited: Bailey.

You collected 540 gold pieces.
You paid 58 gold pieces to Gozag.

Inventory:

Hand Weapons
 a - a +2 vorpal trident (weapon)
 d - a +2 dagger of venom
 v - a +0 dagger
Missiles
 f - 4 atropa-tipped darts
 r - 8 poisoned darts (quivered)
 B - 4 boomerangs
 H - 3 javelins
Armour
 n - a +0 pair of gloves
 w - the +0 robe of Bowim (worn) {rElec SInv}
   (You found it on level 4 of the Dungeon)

   rElec:     It insulates you from electricity.
   SInv:      It lets you see invisible.
 D - a +2 pair of gloves of strength (worn)
 J - a +0 ring mail of cold resistance
Wands
 A - a wand of charming (11)
 F - a wand of digging (8)
 G - a wand of quicksilver (6)
Scrolls
 g - a scroll of torment
 h - a scroll of butterflies
 j - 2 scrolls of silence
 l - 2 scrolls of enchant weapon
 m - 3 scrolls of blinking
 o - a scroll of teleportation
 x - a scroll of amnesia
 z - 4 scrolls of enchant armour
 C - 3 scrolls of noise
 E - a scroll of poison
 I - a scroll of vulnerability
Potions
 b - a potion of magic
 c - 2 potions of brilliance {unknown}
 e - 4 potions of heal wounds {unknown}
 i - a potion of berserk rage {unknown}
 k - 2 potions of mutation {unknown}
 p - a potion of cancellation {unknown}
 q - 2 potions of curing {unknown}
 s - 2 potions of flight {unknown}
 t - 2 potions of experience {unknown}
 u - a potion of lignification {unknown}


   Skills:
 + Level 3.4 Armour
 - Level 1.5 Dodging
 + Level 6.0 Stealth
 + Level 3.9 Spellcasting
 + Level 6.6 Conjurations
 - Level 2.0 Transmutations
 - Level 8.4 Earth Magic


You had 8 spell levels left.
You knew the following spells:

 Your Spells              Type           Power      Damage    Failure   Level
a - Sandblast             Erth           64%        2d14      1%          1
b - Passwall              Tmut/Erth      17%        N/A       2%          2
c - Stone Arrow           Conj/Erth      58%        3d10      2%          3

Your spell library contained the following spells:

 Spells                   Type           Power      Damage    Failure   Level
 Petrify                  Tmut/Erth      21%        N/A       19%         4


Dungeon Overview and Level Annotations

Branches:
Dungeon (7/15)             Temple (1/1) D:5          Bailey (1/1)

Altars:
Ashenzari
Elyvilon
Fedhas
Gozag
Hepliaklqana
Qazlal
Uskayaw
Vehumet
Yredelemnul
The Shining One

Shops:
D:3 (   D:5 (:

Annotations:
D:3 Grinder


Innate Abilities, Weirdness & Mutations

You are immune to sickness and miasma.
Your stone body is resilient. (AC +5)
You are immune to poison.
You resist negative energy. (rN+)
You are resistant to electric shocks. (rElec)
You are resistant to unholy torment.
You are immune to petrification.


Message History

The orc knight hits your orc with a +0 war axe.
The orc knight barely misses your butterfly.
The orc knight misses your butterfly.
Your orc misses the orc knight.
Throw: 9 darts (poison)
Press: ? - help, Q - select action, (/) - cycle Shift-Dir - straight line, f/p - orc knight
Aim: an orc knight, wielding a +0 war axe and wearing a +0 scale mail (ally target, 45% to hit)
You throw a poisoned dart.
The poisoned dart closely misses the orc knight.
Your gnoll misses the orc knight.
Your gnoll closely misses the orc knight.
Your orc hits the orc knight with a +0 hand axe.
Unknown command.
The orc knight attacks as you move away!
The orc knight hits you with a +0 war axe!!
* * * LOW HITPOINT WARNING * * *
The orc knight hits your orc with a +0 war axe!
Your orc dies!
Your orc's corpse dissolves into shadows!
The orc knight misses your butterfly.
The orc knight barely misses your butterfly.
The orc knight hits your gnoll with a +0 war axe!!
Your gnoll dies!
Your gnoll's corpse dissolves into shadows!
The orc knight hits your orc with a +0 war axe!
Your orc dies!
Your orc's corpse dissolves into shadows!
The orc knight completely misses your butterfly.
Your orc wizard hits the orc knight with a +0 dagger.
Your orc completely misses the orc knight.
The gnoll barely misses your orc.
The gnoll hits your gnoll with a +3 hand axe.
The gnoll hits your butterfly with a +3 hand axe!
Your butterfly dies!
Your butterfly disappears in a burst of colours!
The gnoll closely misses your orc wizard.
Your gnoll hits the gnoll with a +0 spear.
The orc knight attacks as you move away!
The orc knight hits you with a +0 war axe!
You die...
Your body crumbles into a pile of gold.

##.....##
♣♣##)''##♣♣
♣..(.b....♣
♣♣...).....♣
♣.....g....♣
♣♣..og...b.♣♣
♣...o.ggb...♣
♣♣..o.b....♣♣
♣♣♣@.b...♣♣
♣.♣♣♣♣♣♣ ♣♣♣


You could see an orc knight (ally target), a gnoll, a friendly orc wizard
(summoned), 3 friendly gnolls and a friendly orc (summoned).

Vanquished Creatures
  Eustachio (D:6)
  A water moccasin (D:5)
  An ice beast (D:6)
  A black bear (D:5)
  An ogre (D:5)
  3 phantoms
  2 bullfrogs (D:6)
  A kobold brigand (D:7)
  2 jellies
  2 hounds
  3 orc priests
  5 iguanas
  2 orc wizards (D:5)
  7 gnolls
  7 adders
  A shadow imp (D:6)
  2 white imps
  An ufetubus (D:5)
  3 worms
  4 dart slugs
  30 orcs
  7 ball pythons
  5 bats
  4 endoplasms
  4 giant cockroaches
  11 hobgoblins
  8 jackals (D:4)
  A quokka (D:4)
  6 frilled lizards
  9 goblins
  11 kobolds
  6 rats
152 creatures vanquished.

Vanquished Creatures (others)
  A fungus (D:4)
1 creature vanquished.

Grand Total: 153 creatures vanquished

Notes
Turn   | Place    | Note
-------+----------+-------------------------------------------
     0 | D:1      | bnorton916 the Gargoyle Earth Elementalist began the quest
                  | for the Orb.
     0 | D:1      | Reached XP level 1. HP: 10/10 MP: 3/3
   102 | D:1      | Reached skill level 1 in Transmutations
   208 | D:1      | Reached XP level 2. HP: 15/15 MP: 3/5
   437 | D:1      | Reached skill level 4 in Earth Magic
   863 | D:1      | Reached XP level 3. HP: 19/19 MP: 4/6
  1231 | D:2      | Reached XP level 4. HP: 24/24 MP: 5/8
  2052 | D:3      | Found a faded altar of an unknown god.
  2175 | D:3      | Found Kofusier's Weapon Shop.
  2248 | D:3      | Learned a level 2 spell: Passwall
  2252 | D:3      | Learned a level 3 spell: Stone Arrow
  2585 | D:3      | Noticed Grinder
  2649 | D:3      | Reached XP level 5. HP: 27/28 MP: 6/9
  2652 | D:3      | Paralysed by Grinder for 5 turns
  3823 | D:4      | Reached skill level 5 in Earth Magic
  3825 | D:4      | Reached skill level 1 in Conjurations
  4003 | D:4      | Identified the +0 robe of Bowim {rElec SInv}
  4214 | D:4      | Found a stormy altar of Qazlal.
  4221 | D:4      | Found a blossoming altar of Fedhas.
  4771 | D:5      | Entered Level 5 of the Dungeon
  4777 | D:5      | Noticed a water moccasin
  4789 | D:5      | Killed a water moccasin
  4790 | D:5      | Reached XP level 6. HP: 13/32 MP: 0/10
  5085 | D:5      | Reached skill level 6 in Earth Magic
  5622 | D:5      | Reached XP level 7. HP: 36/36 MP: 7/11
  5806 | D:5      | Found Methegge's Book Shop.
  5882 | D:5      | Reached skill level 7 in Earth Magic
  6182 | D:5      | Found Xoudeung's Antique Weapon Emporium.
  6221 | D:5      | Reached skill level 5 in Conjurations
  7094 | D:5      | Found a staircase to the Ecumenical Temple.
  7100 | Temple   | Entered the Ecumenical Temple
  7107 | Temple   | Became a worshipper of Gozag Ym Sagoz the Greedy
  7546 | D:3      | Reached XP level 8. HP: 41/41 MP: 5/12
  8210 | D:6      | Noticed Eustachio
  8502 | D:6      | Killed Eustachio
  8503 | D:6      | Reached skill level 1 in Armour
  8503 | D:6      | Reached skill level 8 in Earth Magic
  8777 | D:6      | Found a basalt altar of Yredelemnul.
  9634 | D:6      | Reached skill level 5 in Stealth
 11071 | D:7      | Found a flagged portal.
 11081 | Bailey   | Entered a bailey
 11861 | Bailey   | Noticed an orc knight
 11886 | Bailey   | Slain by an orc knight

Illustrated notes

Levels and vault maps discovered:
D:1:      dpeg_arrival_oval, layout_rooms, minmay_statues_item,
          minmay_octomino_c4
D:2:      layout_basic
D:3:      layout_basic, serial_shops, shop,
          dreamdust_ecumenical_altar_angels_and_demons, minmay_misc_feat_roman,
          uniq_grinder
D:4:      layout_rooms, grunt_temple_overflow_forces_of_nature
D:5:      layout_basic, minmay_temple_entry_nine_rooms, serial_shops,
          nicolae_shop_behind_doors, nicolae_shop_temple_entry_statues_fountains
D:6:      layout_gridville, yredelemnul_altar_generic, solitary_fountain,
          uniq_eustachio
D:7:      layout_basic, enter_ossuary_4, enter_bailey_2
Temple:   hellmonk_temple_of_storms
Bailey:   bailey_axe_minmay_hex_keep, bailey

Skill      XL: |  1  2  3  4  5  6  7  8 |
---------------+-------------------------+-----
Transmutations | 1 2 |  2.0
Earth Magic    | 4 5 6 7 8 |  8.4
Spellcasting   | 3 |  3.9
Conjurations   | 2 3 5 6 |  6.6
Armour         | 3 |  3.4
Stealth        | 6 |  6.0
Dodging        | |  1.5

Action                   |  1- 3 |  4- 6 |  7- 9 || total
-------------------------+-------+-------+-------++-------
Melee: Unarmed           |     1 |       |       ||     1
       Trident           |       |     7 |     9 ||    16
       Punch             |       |     1 |       ||     1
Throw: Dart              |     7 |     1 |     8 ||    16
 Cast: Sandblast         |    40 |    89 |    53 ||   182
       Stone Arrow       |       |     1 |    70 ||    71
  Use: Scroll            |       |     1 |    16 ||    17
Armor: Robe              |    10 |    18 |    36 ||    64
Dodge: Dodged            |    17 |    39 |    38 ||    94
